 Dungeon Crawl Stone Soup version 0.22-a0-224-g8cf3520 (webtiles) character file.

20391 RoseArtemis the Warrior (level 12, 0/121 HPs)
             Began as a Minotaur Fighter on Feb 20, 2018.
             Was an Elder of Trog.
             Succumbed to Rupert's poison
             ... on level 4 of the Lair of Beasts.
             The game lasted 00:51:46 (14930 turns).

RoseArtemis the Warrior (Minotaur Fighter)         Turns: 14930, Time: 00:51:47

Health: 0/121      AC: 14    Str: 26    XL:     12   Next: 44%
Magic:  11/11      EV: 15    Int:  5    God:    Trog [****..]
Gold:   679        SH: 13    Dex: 15    Spells: 11/11 levels left

rFire    + . .     SeeInvis .   w - +2 hand axe (flame)
rCold    x . .     Gourm    .   c - +0 shield
rNeg     . . .     Faith    .   x - +0 plate armour
rPois    .         Spirit   .   (helmet restricted)
rElec    .         Reflect  .   (no cloak)
rCorr    .         Harm     .   (no gloves)
MR       ++...                  (no boots)
Stlth    ..........             K - amulet of regeneration
HPRegen  1.70/turn              C - ring of fire
MPRegen  0.12/turn              (no ring)

@: agile, lethally poisoned (0 -> -6), regenerating, hasted, very quick
A: retaliatory headbutt, horns 2
a: Berserk, Trog's Hand, Brothers in Arms, Renounce Religion


You were on level 4 of the Lair of Beasts.
You worshipped Trog.
Trog was greatly pleased with you.
You were hungry.

You visited 3 branches of the dungeon, and saw 13 of its levels.

You collected 739 gold pieces.
You spent 60 gold pieces at shops.

Inventory:

Hand Weapons
 k - a +0 hand axe
 p - a +3 dagger of pain
 w - a +2 hand axe of flaming (weapon)
 I - a +0 shortbow
Missiles
 M - 164 arrows
Armour
 c - a +0 shield (worn)
 n - a +0 chain mail
 x - a +0 plate armour (worn)
Jewellery
 q - an uncursed ring of protection from magic {unknown}
 C - a ring of fire (left hand)
 K - an amulet of regeneration (around neck)
Wands
 b - a wand of random effects (44)
 A - a wand of iceblast (11)
 E - a wand of acid (11)
 G - a wand of digging (16)
 H - a wand of polymorph (15)
 J - a wand of enslavement (13)
 O - a wand of flame (26)
 R - a wand of paralysis (8)
Scrolls
 a - 6 scrolls of remove curse {unknown}
 i - 4 scrolls of amnesia {unknown}
 j - 3 scrolls of enchant weapon {unknown}
 l - 5 scrolls of teleportation {unknown}
 m - 3 scrolls of fog
 o - a scroll of immolation {unknown}
 r - 3 scrolls of blinking {unknown}
 t - 4 scrolls of enchant armour {unknown}
 u - 2 scrolls of magic mapping
 v - a scroll of noise {unknown}
 y - a scroll of random uselessness {unknown}
 N - 2 scrolls of holy word {unknown}
 P - a scroll of torment {unknown}
 S - 3 scrolls of fear {unknown}
Potions
 d - a potion of mutation {unknown}
 e - 2 potions of agility
 h - 4 potions of flight
 s - 3 potions of ambrosia {unknown}
 z - 2 potions of haste
 B - 2 potions of degeneration {unknown}
 D - a potion of magic {unknown}
 F - 2 potions of cancellation {unknown}
 L - 2 potions of brilliance {unknown}
 T - a potion of berserk rage {unknown}
Comestibles
 f - 30 rations


   Skills:
 + Level 15.6 Fighting
 + Level 10.3 Axes
 - Level 10.0 Armour
 + Level 6.3 Dodging
 * Level 11.9 Shields


You had 11 spell levels left.
You didn't know any spells.

Dungeon Overview and Level Annotations

Branches:
Dungeon (8/15)             Temple (1/1) D:4            Lair (4/6) D:8
  Swamp (0/4) Lair:2       Spider (0/4) Lair:3

Altars:
Ashenzari
Cheibriados
Dithmenos
Elyvilon
Fedhas
Gozag
Hepliaklqana
Kikubaaqudgha
Makhleb
Nemelex Xobeh
Okawaru
Qazlal
Ru
Sif Muna
Trog
Uskayaw
Vehumet
Wu Jian
Xom
Yredelemnul
Zin
The Shining One
Beogh

Shops:
D:8 *

Annotations:
Lair:4 Rupert


Innate Abilities, Weirdness & Mutations

You reflexively headbutt those who attack you in melee.
You have a pair of horns on your head.


Message History

You slash Rupert! You burn Rupert.
Rupert is moderately wounded.
* * * LOW HITPOINT WARNING * * *
You feel sick. Rupert hits you but does no damage.
You are more poisoned.
You hit Rupert. You burn Rupert. Your headbutt misses Rupert.
Rupert is moderately wounded.
* * * LOW HITPOINT WARNING * * *
You feel sick.
You hit Rupert. You burn Rupert. Your headbutt misses Rupert.
Rupert is moderately wounded.
* * * LOW HITPOINT WARNING * * *
You feel sick. Rupert misses you. You furiously retaliate!
You headbutt Rupert! You hit Rupert. You burn Rupert.
Rupert is moderately wounded.
* * * LOW HITPOINT WARNING * * *
You feel sick.
You hit Rupert. You burn Rupert.
Rupert is moderately wounded.
You die...

........#.....## *
##.....##...### * ...........## *
.....#.....## *# ...#.......P# *,
.........P### *, ........### ####
*, ......### ###### ##..# **
#....## ##.#@@# ##..F#####
......## ##.FF#### #....##..#
.......####...§##.#######..(.#..#
....................@.((.†....§..
.........#..###.#.#P#F##.####.#..
.......#####.############# ###P.
.......# *## ##. .......# ##
#....###


You could see Rupert (berserk) and 2 blink frogs.

Vanquished Creatures
  Fannar (Lair:3)
  A hydra (Lair:3)
  Urug (Lair:3)
  Nergalle (Lair:3)
  A swamp dragon (Lair:2)
  Pikel (D:6)
  The ghost of varam the Charmwright, a novice GnSk (D:7)
  2 black mambas
  3 elephants
  Joseph (D:7)
  4 spiny frogs
  Psyche (D:8)
  A rime drake (Lair:4)
  5 komodo dragons
  2 hornets
  Prince Ribbit (D:5)
  6 blink frogs
  5 hippogriffs
  2 wyverns
  22 yaks
  A hungry ghost (D:7)
  2 basilisks
  6 water moccasins
  6 porcupines
  2 orc warriors
  2 ice beasts
  A black bear (D:7)
  3 sky beasts
  4 wolves (Lair:3)
  4 centaurs
  3 ogres
  5 crocodiles
  5 bullfrogs
  5 scorpions
  A howler monkey (D:5)
  A quasit (D:8)
  5 orc priests
  5 bullfrog zombies
  3 jellies
  2 hounds
  Crazy Yiuf (D:6)
  3 orc wizards
  2 iguanas (Lair:2)
  4 hell rats (Lair:3)
  7 worker ants
  Robin (D:2)
  2 hound skeletons
  9 adders
  7 gnolls (D:3)
  6 river rats (Lair:3)
  3 shadow imps (D:5)
  2 worms
  3 dart slugs
  4 leopard geckos
  35 orcs
  A ball python (D:4)
  18 bats
  7 giant cockroaches
  12 goblins
  15 hobgoblins
  19 jackals
  11 kobolds
  A quokka (D:8)
  5 frilled lizards
  15 rats
  2 fungi
  6 plants
329 creatures vanquished.

Vanquished Creatures (others)
  A slave (D:6)
  Blork the orc (D:6)
  5 fungi
  2 plants
9 creatures vanquished.

Grand Total: 338 creatures vanquished

Notes
Turn   | Place    | Note
-------+----------+-------------------------------------------
     0 | D:1      | RoseArtemis the Minotaur Fighter began the quest for the Orb.
     0 | D:1      | Reached XP level 1. HP: 19/19 MP: 0/0
   170 | D:1      | Reached XP level 2. HP: 22/27 MP: 1/1
   171 | D:1      | Reached skill level 4 in Fighting
   411 | D:1      | Reached XP level 3. HP: 26/34 MP: 2/2
  1259 | D:2      | Found a bloodstained altar of Trog.
  1264 | D:2      | Became a worshipper of Trog the Wrathful
  1365 | D:2      | Reached XP level 4. HP: 41/41 MP: 3/3
  1457 | D:2      | Noticed Robin
  1481 | D:2      | Killed Robin
  1481 | D:2      | Reached skill level 5 in Fighting
  2273 | D:3      | Reached * piety under Trog
  2273 | D:3      | Reached XP level 5. HP: 43/48 MP: 4/4
  2406 | D:3      | Found a sparkling altar of Nemelex Xobeh.
  2803 | D:3      | Found a roughly hewn altar of Beogh.
  2810 | D:3      | Reached XP level 6. HP: 40/57 MP: 5/5
  2820 | D:3      | Reached skill level 6 in Fighting
  3583 | D:4      | Reached skill level 5 in Shields
  3584 | D:4      | Found a stormy altar of Qazlal.
  3651 | D:4      | Reached skill level 5 in Armour
  3783 | D:4      | Found a staircase to the Ecumenical Temple.
  3789 | Temple   | Entered the Ecumenical Temple
  4240 | D:4      | Found a glowing silver altar of Zin.
  4240 | D:4      | Found an ornate altar of the Wu Jian Council.
  4600 | D:5      | Entered Level 5 of the Dungeon
  4616 | D:5      | Reached XP level 7. HP: 63/64 MP: 6/6
  4621 | D:5      | Noticed Prince Ribbit
  4633 | D:4      | Reached skill level 7 in Fighting
  4633 | D:4      | Reached skill level 5 in Axes
  4847 | D:5      | Reached ** piety under Trog
  4855 | D:5      | Killed Prince Ribbit
  4855 | D:5      | Reached skill level 8 in Fighting
  4865 | D:5      | Found a blossoming altar of Fedhas.
  5108 | D:5      | Reached XP level 8. HP: 77/77 MP: 7/7
  5149 | D:5      | Reached skill level 9 in Fighting
  5574 | D:6      | Noticed Pikel
  5592 | D:6      | Killed Pikel
  5592 | D:6      | Reached skill level 11 in Fighting
  5699 | D:6      | Killed Blork the orc
  5942 | D:6      | Found a hide-covered altar of Uskayaw.
  6042 | D:6      | Found a runed door.
  6271 | D:6      | Noticed Crazy Yiuf
  6278 | D:6      | Killed Crazy Yiuf
  6325 | D:7      | Reached XP level 9. HP: 89/89 MP: 8/8
  6626 | D:7      | Reached *** piety under Trog
  6665 | D:7      | Noticed varam's ghost (novice GnSk)
  6707 | D:7      | Killed varam's ghost
  6707 | D:7      | Reached skill level 12 in Fighting
  8017 | D:7      | Noticed Joseph
  8032 | D:7      | Killed Joseph
  8032 | D:7      | Reached XP level 10. HP: 65/100 MP: 9/9
  8240 | D:7      | Reached skill level 13 in Fighting
  8845 | D:8      | Found a staircase to the Lair.
  9046 | D:8      | Found Ifucryge's General Store.
  9060 | D:8      | Bought a scroll of magic mapping for 38 gold pieces
  9060 | D:8      | Bought a scroll of identify for 22 gold pieces
  9626 | D:8      | Noticed Psyche
  9633 | D:8      | Killed Psyche
  9972 | D:8      | Found a shimmering altar of Xom.
 10132 | Lair:1   | Entered Level 1 of the Lair of Beasts
 10465 | Lair:1   | Reached skill level 1 in Dodging
 11157 | Lair:2   | Reached skill level 14 in Fighting
 11171 | Lair:2   | Reached XP level 11. HP: 47/110 MP: 10/10
 11545 | Lair:2   | Reached **** piety under Trog
 11554 | Lair:2   | Reached skill level 10 in Shields
 11832 | Lair:2   | Noticed a swamp dragon
 11862 | Lair:2   | Killed a swamp dragon
 11942 | Lair:2   | Found a staircase to the Swamp.
 12437 | Lair:3   | Noticed Fannar
 12509 | Lair:3   | Killed Fannar
 12732 | Lair:3   | Noticed Urug
 12751 | Lair:3   | Killed Urug
 12751 | Lair:3   | Reached skill level 15 in Fighting
 12766 | Lair:3   | Noticed a four-headed hydra
 12786 | Lair:3   | Killed a one-headed hydra
 12933 | Lair:3   | Reached skill level 5 in Dodging
 12964 | Lair:3   | Found a hole to the Spider Nest.
 13037 | Lair:3   | Noticed Nergalle
 13053 | Lair:3   | Noticed a spectral orc warlord
 13067 | Lair:3   | Killed Nergalle
 13611 | Lair:3   | Reached XP level 12. HP: 109/121 MP: 11/11
 14228 | Lair:4   | Noticed Rupert
 14294 | Lair:4   | Reached skill level 10 in Axes
 14304 | Lair:3   | Reached skill level 10 in Armour
 14925 | Lair:4   | HP: 5/121 [Rupert/battleaxe of venom (35)]
 14927 | Lair:4   | HP: 2/121 [poisoned by Rupert]
 14930 | Lair:4   | Succumbed to Rupert's poison

Vault maps used:
D:1:      minmay_arrival_glassed_features, minmay_misc_feat_hallway
D:2:      lightli_temple_of_fire, uniq_robin
D:3:      nemelex_xobeh_ov_fountains_minmay, first_ration,
          minmay_tree_intersection, kennysheep_orc_chapel
D:4:      gammafunk_temple_overflow_statue, minmay_temple_entry_hall,
          nicolae_qazlal_general_emergency
D:5:      basic_altar, uniq_prince_ribbit1
D:6:      eat_drink_and_be_merry_uskayaw, uniq_blork_the_orc,
          uniq_crazy_yiuf_cottage, uniq_pikel
D:7:      kb_forest_paths, uniq_joseph
D:8:      overflow_temple_1_default, david_lair_shrubbed, serial_shops, shop,
          uniq_psyche
Temple:   nicolae_temple_elliptical
Lair:2:   minmay_swamp_entry_reptiles, grunt_megastairs_3, serial_bayou_shore_a
Lair:3:   nicolae_spider_entry_non_spiders, roderic_batcave,
          kennysheep_abandoned_house, lemuel_fruit_tree, uniq_fannar,
          uniq_nergalle, uniq_urug
Lair:4:   minmay_stone_trees_medium, uniq_rupert

Skill      XL: |  1  2  3  4  5  6  7  8  9 10 11 12 |
---------------+-------------------------------------+-----
Fighting       | 4 5 6 8 11 12 14 15 | 15.6
Armour         | 4 5 6 8 9 10 | 10.0
Shields        | 4 5 6 7 8 9 10 11 | 11.9
Axes           | 3 4 5 6 8 9 10 | 10.3
Dodging        | 2 5 6 |  6.3

Action                   |  1- 3 |  4- 6 |  7- 9 | 10-12 || total
-------------------------+-------+-------+-------+-------++-------
Melee: War axe           |   106 |   124 |       |       ||   230
       Headbutt          |    13 |    27 |    47 |   159 ||   246
       Hand axe          |       |    49 |   233 |   644 ||   926
Invok: Trog's Hand       |       |       |       |     6 ||     6
       Brothers in Arms  |       |       |       |     1 ||     1
  Use: Scroll            |     1 |     7 |     2 |     8 ||    18
       Potion            |       |       |     2 |    22 ||    24
  Eat: Chunk             |     2 |     9 |    10 |    21 ||    42
       Ration            |       |       |     1 |     1 ||     2
Armor: Scale mail        |    42 |    50 |       |       ||    92
       Plate armour      |       |    24 |   113 |   230 ||   367
Dodge: Dodged            |    36 |    44 |    36 |   144 ||   260
Block: Shield            |    46 |    78 |   111 |   297 ||   532

Table legend:
 A = Spawn XP
 B = Non-spawn XP
 C = Spawn XP percentage of total XP
 D = Spawn monster count
 E = Non-spawn monster count
 F = Spawn count percentage of total count
 G = Total turns spent on level
                    A         B        C        D         E        F      G
               +---------+---------+-------+---------+---------+-------+---------
         Total |       0 |   29131 |   0.0 |       0 |     321 |   0.0 | 14930
               +---------+---------+-------+---------+---------+-------+---------
           D:1 |       0 |      61 |   0.0 |       0 |      33 |   0.0 |   850
           D:2 |       0 |     116 |   0.0 |       0 |      33 |   0.0 |  1388
           D:3 |       0 |     266 |   0.0 |       0 |      40 |   0.0 |  1315
           D:4 |       0 |     413 |   0.0 |       0 |      12 |   0.0 |  1111
           D:5 |       0 |    1051 |   0.0 |       0 |      30 |   0.0 |   767
           D:6 |       0 |     852 |   0.0 |       0 |      11 |   0.0 |   747
           D:7 |       0 |    3402 |   0.0 |       0 |      32 |   0.0 |  2399
           D:8 |       0 |    1787 |   0.0 |       0 |      24 |   0.0 |  1412
        Lair:1 |       0 |    1620 |   0.0 |       0 |       8 |   0.0 |  1004
        Lair:2 |       0 |    6271 |   0.0 |       0 |      28 |   0.0 |  1258
        Lair:3 |       0 |    7453 |   0.0 |       0 |      47 |   0.0 |  1687
        Lair:4 |       0 |    5839 |   0.0 |       0 |      23 |   0.0 |   849
               +---------+---------+-------+---------+---------+-------+---------
